 Dungeon Crawl Stone Soup version 0.31-a0-1237-gabc64e778c (webtiles) character file.

Game seed: 6297541336763615650

33 timneilson the Sneak (level 3, -1/23 HPs)
             Began as an Octopode Shapeshifter on Dec 16, 2023.
             Slain by Terence
             ... wielding a +0 mace
              (6 damage)
             ... on level 2 of the Dungeon.
             The game lasted 00:01:39 (1211 turns).

timneilson the Sneak (Octopode Shapeshifter)        Turns: 1211, Time: 00:01:40

Health: -1/23      AC:  1    Str: 15    XL:     3   Next: 29%
Magic:  3/3        EV: 13    Int: 12    God:
Gold:   42         SH:  0    Dex: 11    Spells: 2/2 levels left

rFire   . .          .
                       - Unarmed
rCold   . . .        (no shield)
rNeg    . . .        (helmet currently unavailable)
rPois   .            (no amulet)
rElec   .            (no ring)
rCorr   .            (no ring)
SInv    .            (no ring)
Will    .....        (no ring)
Stlth   +++          (no ring)
HPRegen 0.23/turn    (no ring)
MPRegen 0.08/turn    (no ring)
                     (no ring)

%: no passive effects
@: beast-form
A: beast (slay +1), almost no armour, amphibious, 8 rings, camouflage 1,
gelatinous body 1, (nimble swimmer 1), tentacles
a: Begin Untransformation


You were on level 2 of the Dungeon.
You were a hulking beast.
You visited 1 branch of the dungeon, and saw 2 of its levels.

You collected 42 gold pieces.

Inventory:

Jewellery
 d - an amulet of the acrobat
Talismans
 b - a beast talisman
 c - a flux talisman
Potions
 a - a potion of lignification
 e - a potion of mutation {unknown}
 f - a potion of curing {unknown}
 g - a potion of haste {unknown}


   Skills:
 - Level 1.0 Fighting
 - Level 2.0 Dodging
 * Level 4.2 Stealth
 - Level 3.0 Unarmed Combat
 - Level 3.0 Shapeshifting


You had 2 spell levels left.
You didn't know any spells.
Your spell library contained the following spells:

 Spells                   Type           Power      Damage    Failure   Level
 Lesser Beckoning         Tloc           0%         N/A       45%         2
 Gell's Gravitas          Tloc           0%         N/A       69%         3
 Teleport Other           Tloc           0%         N/A       69%         3


Dungeon Overview and Level Annotations

Branches:
Dungeon (2/15)

Altars:

Annotations:
D:2 Terence


Innate Abilities, Weirdness & Mutations

You are a hulking beast.
Your limbs bulge with bestial killing power. (Slay +1)
You cannot wear most types of armour.
You are amphibious.
You can wear up to eight rings at the same time.
Your skin changes colour to match your surroundings (Stealth+).
Your rubbery body absorbs attacks. (AC +1, EV +1)
((You are camouflaged when in or above water. (Stealth+)))
You have tentacles for arms and can constrict up to eight enemies at once.


Message History

You kill the frilled lizard!
You see here a frilled lizard corpse.
There is a shaft here.
Found 21 gold pieces.
You now have 34 gold pieces (gained 13).
You now have 42 gold pieces (gained 8).
Found a stone staircase leading up.
There is a stone staircase leading up here.
Found 3 poisoned darts.
Terence the Incautious comes into view.
He is wielding a +0 mace.
Terence shouts!
Found a robe.
Terence hits you but does no damage.
You tentacle-slap Terence. You grab Terence.
You squeeze Terence, but do no damage.
Terence is lightly wounded.
You constrict Terence, but do no damage.
Terence hits you with a +0 mace!
You tentacle-slap Terence. x2
Terence is heavily wounded.
You constrict Terence, but do no damage.
Terence barely misses you.
You barely miss Terence.
Terence is heavily wounded.
You constrict Terence, but do no damage.
Terence hits you with a +0 mace.
You tentacle-slap Terence but do no damage.
Terence is heavily wounded.
You constrict Terence. Terence barely misses you.
You tentacle-slap Terence.
Terence is severely wounded.
You constrict Terence, but do no damage.
Terence hits you with a +0 mace!
* * * LOW HITPOINT WARNING * * *
You tentacle-slap Terence but do no damage.
Your squeeze misses Terence.
Terence is severely wounded.
You constrict Terence, but do no damage.
Terence hits you with a +0 mace.
You die...
Terence says, "Rest in peace."

........... #...######.
....... ##.......#.[
...... ###.###.#..##
..... ####.###.# ...
#...### #........#.....
...... #.##.##..#...#.##
#....#
#.##.##..#......####.##.#
...............@h.....#.#
#<#...#.........####..#.#
#..###..######.# #..#.#
#.......######.#####..#.#
..#####...............#.#
#.## ##.................#
##.###....####.######.###
##.......#
#....###.###### #####...#
####.........(..


You could see Terence.

Vanquished Creatures
  2 dart slugs (D:1)
  4 ball pythons (D:1)
  5 bats (D:1)
  3 endoplasms (D:1)
  A goblin (D:1)
  3 hobgoblins (D:1)
  2 quokkas (D:1)
  3 frilled lizards
  3 kobolds
  A rat (D:1)
27 creatures vanquished.

Notes
Turn   | Place    | Note
-------+----------+-------------------------------------------
     0 | D:1      | timneilson the Octopode Shapeshifter began the quest for
                  | the Orb.
     0 | D:1      | Reached XP level 1. HP: 13/13 MP: 1/1
   100 | D:1      | Reached skill level 1 in Stealth
   154 | D:1      | Reached skill level 2 in Stealth
   203 | D:1      | Reached XP level 2. HP: 18/18 MP: 2/2
   267 | D:1      | Reached skill level 3 in Stealth
   491 | D:1      | Reached XP level 3. HP: 21/23 MP: 3/3
   625 | D:1      | Reached skill level 4 in Stealth
  1202 | D:2      | Noticed Terence
  1211 | D:2      | Slain by Terence

Illustrated notes

Levels and vault maps discovered:
D:1:      nagdon_arrival_double_spiral, layout_loops_corners,
          hangedman_decor_push, minmay_bisected
D:2:      layout_loops_ring, basic_altar, uniq_terence, uniq_robin, uniq_sigmund

Skill      XL: |  1  2  3 |
---------------+----------+-----
Stealth        | 2 3 4 |  4.2
Fighting       | |  1.0
Dodging        | |  2.0
Unarmed Combat | |  3.0
Shapeshifting  | |  3.0

Action                     || total
---------------------------++-------
  Melee: Unarmed           ||    47
         Constrict         ||     8
         Tentacles         ||     4
         Punch             ||     2
    Use: Scroll            ||     1
   Stab: Sleeping          ||    10
 Armour: Skin              ||    17
  Dodge: Dodged            ||    25

Table legend: (Time is in decaauts)
 A = Elapsed time spent in this place.
 B = Non-inter-level travel time spent in this place.
 C = Inter-level travel time spent in this place.
 D = Time resting spent in this place.
 E = Time spent auto-exploring this place.
 F = Levels seen in this place.
 G = Mean time per level.
                   A        B        C        D        E       F      G
               +--------+--------+--------+--------+--------+-----+--------+
         Total |   1207 |   1154 |     53 |      0 |    902 |   2 |  603.5 |
       Dungeon |   1207 |   1154 |     53 |      0 |    902 |   2 |  603.5 |
               +--------+--------+--------+--------+--------+-----+--------+

Top non-repeatable levels by time:
     D:1: 1102 daAuts
     D:2: 104 daAuts
